 Dungeon Crawl Stone Soup version 0.23-a0-422-g30b1108d6a (webtiles) character file.

3737 Napalmbreeze the Grappler (level 9, -4/76 HPs)
             Began as a Troll Transmuter on Nov 15, 2018.
             Was a Priest of Hepliaklqana.
             Killed by divine providence
             ... invoked by an orc priest
              (9 damage)
             ... on level 8 of the Dungeon.
             The game lasted 00:32:18 (7056 turns).

Napalmbreeze the Grappler (Troll Transmuter)        Turns: 7056, Time: 00:32:22

Health: -4/76      AC:  3    Str: 20    XL:     9   Next: 93%
Magic:  4/13       EV: 11    Int: 12    God:    Hepliaklqana [***...]
Gold:   295        SH:  3    Dex: 10    Spells: 4/15 levels left

rFire    . . .     SeeInvis .     - Unarmed
rCold    . . .     Gourm    +   (no shield)
rNeg     + . .     Faith    .   b - +0 robe
rPois    .         Spirit   .   (helmet restricted)
rElec    .         Reflect  +   s - +1 cloak
rCorr    .         Harm     .   (gloves unavailable)
MR       .....                  (boots unavailable)
Stlth    +.........             C - +3 amulet of reflection
HPRegen  0.62/turn              v - ring of positive energy
MPRegen  0.13/turn              (no ring)

@: about to teleport, corroded, very slightly contaminated
A: large, unfitting armour, reduced essence, claws 3, fast metabolism 3,
gourmand, regeneration 1, shaggy fur 1, tough skin 2
a: Recall Ancestor, Ancestor Identity, Transference, Renounce Religion


You were on level 8 of the Dungeon.
You worshipped Hepliaklqana.
Hepliaklqana was most pleased with you.
You were completely stuffed.

You visited 1 branch of the dungeon, and saw 8 of its levels.
You also visited: Sewer.

You collected 295 gold pieces.

Inventory:

Missiles
 a - 78 arrows
 B - 27 stones (quivered)
Armour
 b - a +0 robe (worn)
 g - a +0 large shield
 s - a +1 cloak (worn)
Jewellery
 v - a ring of positive energy (left claw)
 C - a +3 amulet of reflection (around neck)
Wands
 k - a wand of flame (25)
 o - a wand of clouds (9)
 t - a wand of paralysis (5)
Scrolls
 e - a scroll of magic mapping {unknown}
 f - 2 scrolls of amnesia
 h - 7 scrolls of teleportation
 j - 3 scrolls of enchant armour
 p - 3 scrolls of enchant weapon
 q - 3 scrolls of blinking
 r - a scroll of identify
 u - a scroll of immolation {unknown}
 y - 2 scrolls of fog {unknown}
 E - a scroll of torment {unknown}
Potions
 c - 2 potions of brilliance
 i - 2 potions of lignification {unknown}
 l - 2 potions of degeneration {unknown}
 m - 3 potions of curing {unknown}
 n - a potion of magic {unknown}
 w - a potion of agility
 x - a potion of haste {unknown}
 z - 2 potions of might {unknown}
 A - 4 potions of flight {unknown}
 D - a potion of ambrosia {unknown}
 F - a potion of cancellation {unknown}
 G - a potion of mutation {unknown}
Comestibles
 d - 21 rations
 H - 2 chunks of flesh


   Skills:
 + Level 4.5 Fighting
 + Level 4.7 Dodging
 * Level 8.2 Unarmed Combat
 + Level 3.5 Spellcasting
 + Level 4.4 Transmutations
 + Level 4.4 Invocations


You had 4 spell levels left.
You knew the following spells:

 Your Spells              Type           Power        Failure   Level  Hunger
a - Beastly Appendage     Tmut           ##....       3%          1    #......
b - Spider Form           Tmut/Pois      #.........   28%         3    ###....
c - Sticks to Snakes      Tmut           ##......     6%          2    ##.....
d - Blade Hands           Tmut           ##........   71%         5    ######.

Your spell library contained the following spells:

 Spells                   Type           Power        Failure   Level  Hunger
 Ice Form                 Ice/Tmut       #.......     67%         4    #####..


Dungeon Overview and Level Annotations

Branches:
Dungeon (8/15)             Temple (0/1) D:6            Lair (0/6) D:8

Altars:
Dithmenos
Hepliaklqana
Kikubaaqudgha
Makhleb
Trog

Shops:
D:6 }:(


Innate Abilities, Weirdness & Mutations

You are too large for most types of armour.
You have claws for hands.
Your metabolism is lightning-fast.
You like to eat raw meat.
Your natural rate of healing is unusually fast.
You are covered in fur. (AC +1)
You have very tough skin. (AC +2)
Your life essence is reduced to manifest your ancestor. (-10% HP)


Message History

The orc wizard blinks!
A leopard gecko comes into view.
The warg bites Yalto!
The orc wizard hits Yalto with a +0 dagger.
You see here a warg corpse.
Yalto blocks the warg's attack.
The orc wizard hits Yalto but does no damage.
Yalto hits the orc wizard with a +0 flail.
Yalto blocks the warg's attack.
The orc wizard completely misses Yalto.
Yalto hits the orc wizard with a +0 flail!
The orc wizard dies!
As you read the scroll of teleportation, it crumbles to dust.
You feel strangely unstable. The jelly hits you.
* * * LOW HITPOINT WARNING * * *
The acid corrodes you!
You are splashed with acid!
The acid burns!
* * * LOW HITPOINT WARNING * * *
The orc priest calls down the wrath of Beogh upon you.
Beogh smites you!
You die...

#... ## .... .#.....
.#..... ######
##.......
#....######.o$.....
#........hhR.....>.
###..#....Js.)......
#....##..@###)......
#.....#....o..#.....
##..........##.#
....
#......#.[....## ...
##.....##.....# ..
###.....###.#..# .
#..............#
#####..|............
##.#.....##......#


You could see the friendly Yalto the knight, 2 wargs, a scorpion, a jelly, an
orc priest and an orc wizard.

Vanquished Creatures
  Pikel (D:4)
  Grinder (D:4)
  Eustachio (D:6)
  A wyvern (D:8)
  A steam dragon (D:4)
  A warg (D:8)
  A slave (D:4)
  An ogre (D:7)
  A sky beast (D:6)
  2 big kobolds (Sewer)
  A crimson imp (D:5)
  A quasit (D:5)
  3 orc priests
  A hound (D:6)
  A bullfrog skeleton (D:7)
  Natasha (D:2)
  2 orc wizards (D:7)
  7 worker ants
  Terence (D:2)
  Robin (D:4)
  2 gnolls (D:6)
  8 adders
  3 river rats (Sewer)
  2 shadow imps (D:8)
  An adder zombie (D:8)
  2 oozes
  4 worms
  A dart slug (D:1)
  3 leopard geckos
  10 orcs
  4 giant cockroaches
  8 goblins
  2 hobgoblins
  10 jackals
  12 kobolds
  7 quokkas
  3 ball pythons
  5 bats
  5 frilled lizards
  2 quokka skeletons
  12 rats
  A bush (D:4)
137 creatures vanquished.

Vanquished Creatures (collateral kills)
  2 hornets
  An ice beast (D:5)
  2 centaurs (D:6)
  An ogre (D:7)
  2 big kobolds
  2 bullfrogs (D:7)
  2 scorpions (D:4)
  A crimson imp (D:7)
  3 centaur zombies
  A hound (D:5)
  2 orc priests
  Crazy Yiuf (D:4)
  2 orc wizards
  Ijyb (D:5)
  Natasha (twice) (D:2)
  2 worker ants (D:5)
  A gnoll (D:6)
  A river rat (Sewer)
  An adder (D:6)
  An ooze (Sewer)
  5 worms
  A dart slug (D:2)
  5 orcs
  A giant cockroach (D:4)
  5 goblins
  4 jackals
  2 quokkas
  A frilled lizard (D:3)
  2 kobolds
  2 rats
59 creatures vanquished.

Vanquished Creatures (others)
  A slave (D:4)
  2 ancestors (D:2)
3 creatures vanquished.

Grand Total: 199 creatures vanquished

Notes
Turn   | Place    | Note
-------+----------+-------------------------------------------
     0 | D:1      | Napalmbreeze the Troll Transmuter began the quest for the
                  | Orb.
     0 | D:1      | Reached XP level 1. HP: 18/18 MP: 1/1
   161 | D:1      | Reached skill level 1 in Fighting
   183 | D:1      | Reached XP level 2. HP: 27/27 MP: 2/2
   611 | D:2      | Noticed Terence
   617 | D:2      | Killed Terence
   617 | D:2      | Reached XP level 3. HP: 27/33 MP: 1/4
   729 | D:2      | Found a hazy altar of Hepliaklqana.
   759 | D:2      | Became a worshipper of Hepliaklqana the Forgotten
   849 | D:2      | Noticed Natasha
  1046 | D:2      | Killed Natasha
  1046 | D:2      | Reached XP level 4. HP: 26/36 MP: 3/5
  1355 | D:2      | Noticed Natasha
  1363 | D:2      | Killed Natasha
  1373 | D:2      | Learned a level 3 spell: Spider Form
  1376 | D:2      | Learned a level 2 spell: Sticks to Snakes
  1610 | D:2      | Found a hazy altar of Hepliaklqana.
  1747 | D:2      | Noticed Natasha
  1755 | D:2      | Killed Natasha
  1755 | D:2      | Reached skill level 4 in Unarmed Combat
  1755 | D:2      | Reached XP level 5. HP: 18/43 MP: 6/6
  1857 | D:3      | Reached skill level 1 in Invocations
  2049 | D:3      | Reached * piety under Hepliaklqana
  2667 | D:4      | Reached XP level 6. HP: 47/51 MP: 7/7
  2912 | D:4      | Found an ancient bone altar of Kikubaaqudgha.
  2922 | D:4      | Noticed a slave
  2938 | D:4      | Killed a slave
  2941 | D:4      | Noticed Pikel
  2942 | D:4      | Noticed a slave
  2948 | D:4      | Noticed a slave
  2949 | D:4      | Noticed a slave
  2957 | D:4      | Killed Pikel
  2957 | D:4      | Reached skill level 5 in Unarmed Combat
  2957 | D:4      | Reached XP level 7. HP: 47/59 MP: 4/9
  3000 | D:4      | Found a shadowy altar of Dithmenos.
  3050 | D:4      | Found a bloodstained altar of Trog.
  3203 | D:4      | Noticed Grinder
  3220 | D:4      | Paralysed by Grinder for 5 turns
  3232 | D:4      | Killed Grinder
  3232 | D:4      | Reached XP level 8. HP: 62/66 MP: 4/10
  3401 | D:4      | Noticed Robin
  3411 | D:4      | Killed Robin
  3655 | D:4      | Found a runed door.
  3660 | D:4      | Noticed Crazy Yiuf
  3671 | D:4      | Killed Crazy Yiuf
  3737 | D:5      | Entered Level 5 of the Dungeon
  3778 | D:5      | Reached ** piety under Hepliaklqana
  3810 | D:5      | Remembered your ancestor Yalto as a knight
  3819 | D:5      | Reached skill level 6 in Unarmed Combat
  4061 | D:5      | Noticed Ijyb
  4087 | D:5      | Killed Ijyb
  4154 | D:5      | Found a burning altar of Makhleb.
  4597 | D:6      | Found Pofu's Book Boutique.
  4597 | D:6      | Noticed Eustachio
  4613 | D:6      | Killed Eustachio
  4731 | D:6      | Found a glowing drain.
  4759 | Sewer    | Entered a sewer
  4823 | Sewer    | Reached XP level 9. HP: 74/74 MP: 12/12
  4989 | Sewer    | Reached skill level 7 in Unarmed Combat
  5216 | D:6      | Found Laecam's Gadget Shoppe.
  5466 | D:6      | Found Qeoll's Weapon Shop.
  5523 | D:6      | Found a staircase to the Ecumenical Temple.
  6242 | D:7      | Reached *** piety under Hepliaklqana
  6873 | D:8      | Reached skill level 8 in Unarmed Combat
  7005 | D:8      | Learned a level 5 spell: Blade Hands
  7047 | D:8      | Found a staircase to the Lair.
  7056 | D:8      | Killed from afar by an orc priest

Vault maps used:
D:1:      shiori_arrival_elements, minmay_hexomino_f4
D:2:      overflow_temple_1_default, serial_glass, glass_columns_b,
          glass_columns_a, first_ration, uniq_terence, uniq_natasha
D:3:      st_stairs_1
D:4:      nicolae_dithmenos_through_a_glass_darkly, kiku_gazebo_pond_becter,
          lemuel_coloured_pillars_altar, uniq_crazy_yiuf_cottage, uniq_robin,
          uniq_grinder, uniq_pikel
D:5:      cheibrodos_quashed, marbit_many_paths, uniq_ijyb
D:6:      minmay_temple_entry_nine_rooms, serial_shops, shop_fountains,
          kennysheep_mini, nicolae_shop_trees, cheibrodos_sewer_entry_sluice,
          chequers_serial_rivers_small_3, uniq_eustachio
D:7:      chequers_avenue, grunt_ogre_cave
D:8:      lemuel_doored_altar, erik_lair_orcish_takeover
Sewer:    sewer_co_15_rooms

Skill      XL: |  1  2  3  4  5  6  7  8  9 |
---------------+----------------------------+-----
Fighting       | 1 2 3 4 |  4.5
Dodging        | 2 3 4 |  4.7
Transmutations | 2 3 4 |  4.4
Unarmed Combat | 4 5 6 8 |  8.2
Invocations    | 1 2 3 4 |  4.4
Spellcasting   | 2 3 |  3.5

Action                   |  1- 3 |  4- 6 |  7- 9 || total
-------------------------+-------+-------+-------++-------
Melee: Unarmed           |    79 |   124 |   326 ||   529
       Punch             |     1 |       |     2 ||     3
       Headbutt          |     2 |       |       ||     2
       Kick              |       |     4 |       ||     4
Throw: Stone             |       |       |     3 ||     3
 Cast: Beastly Appendage |     3 |     2 |       ||     5
       Sticks to Snakes  |       |     1 |    18 ||    19
       Spider Form       |       |     1 |     7 ||     8
Invok: Ancestor Identity |     1 |       |       ||     1
       Recall Ancestor   |       |       |     2 ||     2
       Ancestor Life: Kn |       |       |     1 ||     1
  Use: Scroll            |       |       |    11 ||    11
 Stab: Sleeping          |     1 |     1 |       ||     2
       Distracted        |       |       |     2 ||     2
  Eat: Chunk             |    15 |    17 |    42 ||    74
Armor: Robe              |    27 |    24 |    69 ||   120
       Skin              |       |     1 |     1 ||     2
Dodge: Dodged            |    52 |    58 |   158 ||   268
Block: Other             |       |       |     8 ||     8

Table legend:
 A = Non-vault XP
 B = Vault XP
 C = Vault XP percentage of total XP
 D = Non-vault monster count
 E = Vault monster count
 F = Vault count percentage of total count
                 A         B        C        D         E       F
            +---------+---------+-------+---------+---------+-------
      Total |    3229 |    2110 |  39.5 |     146 |      48 |  24.7
            +---------+---------+-------+---------+---------+-------
        D:1 |      33 |       5 |  13.2 |      16 |       3 |  15.8
        D:2 |     116 |      68 |  37.0 |      23 |       2 |   8.0
        D:3 |     138 |       5 |   3.5 |      22 |       2 |   8.3
        D:4 |     346 |     959 |  73.5 |      17 |      10 |  37.0
        D:5 |     554 |      73 |  11.6 |      20 |       2 |   9.1
        D:6 |     547 |     219 |  28.6 |      19 |       4 |  17.4
        D:7 |     831 |     121 |  12.7 |      18 |       1 |   5.3
        D:8 |     664 |     260 |  28.1 |      11 |       5 |  31.2
      Sewer |       0 |     400 | 100.0 |       0 |      19 | 100.0
            +---------+---------+-------+---------+---------+-------
